 Dungeon Crawl Stone Soup version 0.20.0-7-g3b7b877 (console) character file.

8 zxpr0jk the Chiller (level 2, -1/20 HPs)
             Began as a Draconian Ice Elementalist on May 29, 2017.
             Slain by a jackal (2 damage)
             ... on level 1 of the Dungeon.
             The game lasted 00:02:00 (200 turns).

zxpr0jk the Chiller (Draconian Ice Elementalist)     Turns: 200, Time: 00:02:01

Health: -1/20      AC:  4    Str: 10    XL:     2   Next: 0%
Magic:  0/5        EV: 12    Int: 15    God:
Gold:   26         SH:  0    Dex: 11    Spells: 4/5 levels left

rFire    . . .     SeeInvis .   (no weapon)
rCold    . . .     Gourm    .   (no shield)
rNeg     . . .     Faith    .   (armour unavailable)
rPois    .         Spirit   .   (helmet restricted)
rElec    .         Reflect  .   (no cloak)
rCorr    .         Harm     .   (no gloves)
MR       .....                  (no boots)
Stlth    ++........             (no amulet)
Regen    0.1/turn               (no ring)
MPRegen  0.1/turn               (no ring)

@: very slightly contaminated
A: unfitting armour, cold-blooded, AC +4
a: no special abilities


You were on level 1 of the Dungeon.
You were not hungry.

You visited 1 branch of the dungeon, and saw 1 of its levels.

You collected 26 gold pieces.

Inventory:

Missiles
 c - 7 needles of frenzy
 d - 46 sling bullets
Scrolls
 f - a scroll of amnesia {unknown}
Potions
 e - a potion of heal wounds {unknown}
Books
 a - a book of Frost

   Spells                             Type                      Level
   a - Freeze                         Ice                          1
   b - Throw Frost                    Conjuration/Ice              2
   c - Ozocubu's Armour               Charms/Ice                   3
   d - Throw Icicle                   Conjuration/Ice              4
   e - Summon Ice Beast               Ice/Summoning                4
Comestibles
 b - 2 bread rations
 g - 3 chunks of flesh


   Skills:
 - Level 1.7 Dodging
 - Level 1.7 Stealth
 + Level 2.1 Spellcasting
   Level 1.0 Conjurations
 * Level 3.4 Ice Magic


You had 4 spell levels left.
You knew the following spells:

 Your Spells              Type           Power        Failure   Level  Hunger
a - Freeze                Ice            ##..         5%          1    #......


Dungeon Overview and Level Annotations

Branches:
Dungeon (1/15)

Altars:


Innate Abilities, Weirdness & Mutations

Your plain brown scales are hard. (AC +4)
You cannot fit into any form of body armour.
You are cold-blooded and may be slowed by cold attacks.


Message History

* * * LOW HITPOINT WARNING * * *
Casting: Freeze
Confirm with . or Enter, or press ? or * to list all spells.
Aiming: Freeze
Press: ? - help, Shift-Dir - straight line, f/p - jackal
Aim: a jackal You freeze the jackal.
The jackal is moderately wounded.
The jackal closely misses you.
Found a fruit.
You barely miss the jackal.
Your tail-slap misses the jackal.
The jackal is moderately wounded.
The jackal barely misses you. x2
You hit the jackal but do no damage.
Your tail-slap misses the jackal.
The jackal is moderately wounded.
The jackal closely misses you.
You hit the jackal but do no damage.
The jackal is moderately wounded.
The jackal bites you.
You die...

#..............###### .#
#####.#######.####.# ..# #.....# #.#
#...# #####.##. #'##.########.##
###..########....%...
##♣.♣####...##...## ##..#..†..>.#...#
#..<..##..........####.....#####....#
##≈≈≈##................#..# ###....#
#PPP#.............### #.####...####
#####.............# #......#.#
###...............## ##..#####.#
#.....###...##.>..# #...# #..# #
#####...### #########.# #.#.# #.## .#
..... #......## #.# ##.#..# #.# #.#
..... #...#### #.# ###..##..##.###..#.
...... #...#
######.###...####.#..>...... ......
##### ..........>...........##.#####
#.....
#######.#..##########).......#####......
#.#.## ##........##....## ....#
##..........†.#...## .#.###
##..........###.....## ###.#
#@h.#.......##.......# #.#
#....##........#.......# #.
#..####.........[......# ....
#.......#.......## .##..
#.......##.......# #. ...
##########.......# . .#.# #.......# ..%.
##.....## #...## ####


You could see a jackal.

Vanquished Creatures
  A goblin (D:1)
  3 jackals (D:1)
  4 rats (D:1)
8 creatures vanquished.

Notes
Turn   | Place    | Note
-------+----------+-------------------------------------------
     0 | D:1      | zxpr0jk the Draconian Ice Elementalist began the quest for the Orb.
     0 | D:1      | Reached XP level 1. HP: 14/14 MP: 3/3
   183 | D:1      | Reached XP level 2. HP: 3/20 MP: 0/5
   184 | D:1      | HP: 1/20 [jackal (2)]
   195 | D:1      | HP: 1/20 [jackal (1)]
   200 | D:1      | Slain by a jackal

Action                   || total
-------------------------++-------
Melee: Unarmed           ||    33
       Tailslap          ||     2
 Cast: Freeze            ||    10
Armor: Skin              ||    16
Dodge: Dodged            ||    46
